 Dungeon Crawl Stone Soup version 0.32-a0-422-g28b100f (webtiles) character file.

Game seed: 7880918148289371028

210 staltz the Ruffian (level 6, -4/42 HPs)
             Began as a Djinni Shapeshifter on Feb 21, 2024.
             Splashed by a jelly's acid (5 damage)
             ... in a sewer.
             The game lasted 00:06:26 (2277 turns).

staltz the Ruffian (Djinni Shapeshifter)            Turns: 2277, Time: 00:06:27

Health: -4/42      AC: -4    Str: 15    XL:     6   Next: 12%
Gold:   59         EV: 11    Int: 18    God:
                   SH:  6    Dex: 12

rFire   + +          .
                       - Unarmed
rCold   x . .        t - +2 buckler
rNeg    . . .        u - +0 leather armour
rPois   ∞            (helmet currently unavailable)
rElec   .            (cloak currently unavailable)
rCorr   .            (gloves currently unavailable)
SInv    .            (boots unavailable)
Will    .....        (no amulet)
Stlth   +            k - +6 ring of intelligence
HPRegen 0.27/turn    (no ring)
MPRegen 0.00/turn

%: infuse magic (-5 HP)
@: beast-form, corroded, flying, very slightly contaminated
A: beast (slay +1), flying, sickness immunity, fire resistance 2, cold
vulnerability 1, float, innate caster, HP casting, extra vitality 1
a: Begin Untransformation


You were in a sewer.
You were a hulking beast.
You visited 1 branch of the dungeon, and saw 3 of its levels.
You also visited: Sewer.

You collected 59 gold pieces.

Inventory:

Missiles
 s - 5 boomerangs (quivered)
Armour
 a - a +0 animal skin
 t - a +2 buckler (worn)
 u - a +0 leather armour (worn)
Magical Staves
 q - a staff of air
Jewellery
 k - a +6 ring of intelligence (left hand)
Talismans
 c - a beast talisman (active)
 d - a flux talisman
Scrolls
 e - a scroll of fog {unknown}
 f - a scroll of revelation {unknown}
 g - a scroll of identify {unknown}
 h - 2 scrolls of teleportation
 j - a scroll of enchant armour {unknown}
 n - a scroll of vulnerability {unknown}
 o - a scroll of noise
 r - a scroll of immolation {unknown}
Potions
 b - a potion of lignification
 i - a potion of curing {unknown}
 l - a potion of berserk rage {unknown}
 m - a potion of heal wounds {unknown}
 p - a potion of haste {unknown}
 v - a potion of magic {unknown}
 w - a potion of cancellation {unknown}
 x - a potion of invisibility {unknown}
 z - a potion of might {unknown}


   Skills:
 + Level 1.5 Fighting
 + Level 0.6 Armour
 + Level 3.1 Dodging
 + Level 0.6 Stealth
 + Level 0.5 Shields
 - Level 3.6 Unarmed Combat
 * Level 2.0 Spellcasting
 * Level 2.0 Conjurations
 * Level 2.0 Hexes
 * Level 2.0 Summonings
 * Level 2.0 Necromancy
 * Level 2.0 Translocations
 * Level 2.0 Fire Magic
 * Level 2.0 Ice Magic
 * Level 2.0 Air Magic
 * Level 2.0 Earth Magic
 * Level 2.0 Alchemy
 + Level 3.4 Shapeshifting


You knew the following spells:

 Your Spells              Type           Power      Damage    Failure   Level
a - Sting                 Conj/Alch      36%        1d5       13%         1
b - Lesser Beckoning      Tloc           18%        N/A       21%         2
Your spell library was empty.

Dungeon Overview and Level Annotations

Branches:
Dungeon (3/15)              Sewer (1/1)

Altars:

Annotations:
D:3 Sigmund


Innate Abilities, Weirdness & Mutations

You are a hulking beast.
Your limbs bulge with bestial killing power. (Slay +1)
You are flying.
You are immune to sickness and miasma.
You are immune to poison.
Your flesh is very heat resistant. (rF++)
You are vulnerable to cold. (rC-)
You float through the air rather than walking.
You learn spells naturally, not from books.
Your magical power is your life essence.
You have superior vitality. (+4 MHP)


Message History

The jelly closely misses you.
You hit the jelly.
You kill the jelly!
The jelly hits you.
You are splashed with acid!
Your Spellcasting skill increases to level 2!
Your Conjurations skill increases to level 2!
Your Hexes skill increases to level 2!
Your Summonings skill increases to level 2!
Your Necromancy skill increases to level 2!
Your Translocations skill increases to level 2!
Your Fire Magic skill increases to level 2!
Your Ice Magic skill increases to level 2!
Your Air Magic skill increases to level 2!
Your Earth Magic skill increases to level 2!
Your Alchemy skill increases to level 2!
You have reached level 6!
You punch the jelly!
Your hands burn!
The jelly is heavily wounded.
The jelly closely misses you.
You hit the jelly. The acid corrodes you!
Your hands burn!
The jelly is almost dead.
You hit the jelly but do no damage.
Your hands burn!
The jelly is almost dead.
The jelly hits you. The acid corrodes you!
You are splashed with acid!
* * * LOW HITPOINT WARNING * * *
Unknown command.
You hit the jelly but do no damage.
Your hands burn!
* * * LOW HITPOINT WARNING * * *
The jelly is almost dead.
The jelly barely misses you. x2
Unknown command.
You hit the jelly but do no damage.
Your hands burn!
* * * LOW HITPOINT WARNING * * *
The jelly is almost dead.
You block the jelly's attack.
Unknown command.
Okay, then.
Unknown command.
You hit the jelly but do no damage.
Your hands burn!
You die...

#### #############
##~~#########~....~.....####
##~~..#..##Jh.....~...~~...~#
#~.~~~.~.#~~~..#########.~~..
#~.##~~.##~..### ###...
#.~~##.##.~.## ##†~
##.~.###~~~~# #..
##.~~....~## #.. ###~†~~~.##
###########~~ ###..~~~~.##
#~.~.~.~~...~ ##~.~~...~†#
#~.~~~..~.~..


You could see a jelly.

Vanquished Creatures
  2 jellies (Sewer)
  6 adders
  3 ribbon worms
  10 endoplasms
  5 giant cockroaches
  2 goblins (D:1)
  4 hobgoblins
  A quokka (D:1)
  5 ball pythons
  7 bats
  3 frilled lizards
  3 kobolds
  4 rats
55 creatures vanquished.

Notes
Turn   | Place    | Note
-------+----------+-------------------------------------------
     0 | D:1      | staltz the Djinni Shapeshifter began the quest for the Orb.
     0 | D:1      | Reached XP level 1. HP: 17/17 MP: 0/0
   183 | D:1      | Reached XP level 2. HP: 12/22 MP: 0/0
   572 | D:1      | Reached XP level 3. HP: 27/27 MP: 0/0
   572 | D:1      | Learned a level 1 spell: Sting
  1015 | D:2      | Reached XP level 4. HP: 22/32 MP: 0/0
  1585 | D:2      | Reached skill level 1 in Spellcasting
  1585 | D:2      | Reached skill level 1 in Conjurations
  1585 | D:2      | Reached skill level 1 in Hexes
  1585 | D:2      | Reached skill level 1 in Summonings
  1585 | D:2      | Reached skill level 1 in Necromancy
  1585 | D:2      | Reached skill level 1 in Translocations
  1585 | D:2      | Reached skill level 1 in Fire Magic
  1585 | D:2      | Reached skill level 1 in Ice Magic
  1585 | D:2      | Reached skill level 1 in Air Magic
  1585 | D:2      | Reached skill level 1 in Earth Magic
  1585 | D:2      | Reached skill level 1 in Alchemy
  1761 | D:3      | Noticed Sigmund
  1812 | D:3      | Found a glowing drain.
  1832 | Sewer    | Entered a sewer
  1851 | Sewer    | Reached XP level 5. HP: 35/37 MP: 0/0
  1851 | Sewer    | Learned a level 2 spell: Lesser Beckoning
  2272 | Sewer    | Reached XP level 6. HP: 23/42 MP: 0/0
  2275 | Sewer    | HP: 2/42 [acid (4)]
  2277 | Sewer    | Splashed by a jelly's acid

Illustrated notes

Levels and vault maps discovered:
D:1:      evilmike_arrival_hilbert_curve, layout_basic
D:2:      layout_loops_cross, basic_altar, hangedman_abyss_or_decor_lesser_grid,
          chequers_serial_rivers_large_a
D:3:      layout_loops_ring, nicolae_yredelemnul_ghost_church, serial_shops,
          shop, nicolae_shop_tiny_waterfront, shop,
          cheibrodos_sewer_entry_drain, uniq_crazy_yiuf_cottage, uniq_jessica,
          uniq_sigmund
Sewer:    sewer_hellmonk_slimy_pipes

Skill      XL: |  1  2  3  4  5 |
---------------+----------------+-----
Shapeshifting  | 3 |  3.4
Spellcasting   | 1 2 |  2.0
Conjurations   | 1 2 |  2.0
Hexes          | 1 2 |  2.0
Summonings     | 1 2 |  2.0
Necromancy     | 1 2 |  2.0
Translocations | 1 2 |  2.0
Fire Magic     | 1 2 |  2.0
Ice Magic      | 1 2 |  2.0
Air Magic      | 1 2 |  2.0
Earth Magic    | 1 2 |  2.0
Alchemy        | 1 2 |  2.0
Dodging        | 3 |  3.1
Fighting       | |  1.5
Armour         | |  0.6
Stealth        | |  0.6
Shields        | |  0.5
Unarmed Combat | |  3.6

Action                     |  1- 3 |  4- 6 || total
---------------------------+-------+-------++-------
  Melee: Unarmed           |    66 |    67 ||   133
         Punch             |     4 |       ||     4
   Cast: Sting             |     3 |    60 ||    63
    Use: Scroll            |       |     2 ||     2
 Armour: Animal skin       |    29 |    13 ||    42
         Leather armour    |       |    22 ||    22
  Dodge: Dodged            |    27 |    41 ||    68
  Block: Buckler           |       |     8 ||     8

Table legend: (Time is in decaauts)
 A = Elapsed time spent in this place.
 B = Non-inter-level travel time spent in this place.
 C = Inter-level travel time spent in this place.
 D = Time resting spent in this place.
 E = Time spent auto-exploring this place.
 F = Levels seen in this place.
 G = Mean time per level.
                   A        B        C        D        E       F      G
               +--------+--------+--------+--------+--------+-----+--------+
         Total |   2269 |   2144 |    125 |    197 |   1409 |   4 |  567.2 |
       Dungeon |   1824 |   1699 |    125 |     70 |   1237 |   3 |  608.0 |
         Sewer |    444 |    444 |      0 |    127 |    172 |   1 |  444.0 |
               +--------+--------+--------+--------+--------+-----+--------+

Top non-repeatable levels by time:
     D:2: 924 daAuts
     D:1: 860 daAuts
   Sewer: 444 daAuts
     D:3: 39 daAuts
